 Dungeon Sprint DCSS version 0.30-a0-12-gd8047c6341 (webtiles) character file.

Game seed: 4115343250470285743

102 Hubris850 the Insei (level 4, -10/32 HPs)
             Began as a Merfolk Transmuter on Aug 23, 2022.
             Mangled by an ice beast (14 damage)
             ... in the Dungeon (Sprint IX: "|||||||||||||||||||||||||||||").
             The game lasted 00:00:37 (182 turns).

Hubris850 the Insei (Merfolk Transmuter)             Turns: 182, Time: 00:00:38

Health: -10/32     AC:  2    Str: 12    XL:     4   Next: 78%
Magic:  5/9        EV: 12    Int: 12    God:
Gold:   0          SH:  0    Dex: 14    Spells: 9/10 levels left

rFire   . . .      SeeInvis .      - Unarmed
rCold   . . .      Faith    .    (no shield)
rNeg    . . .      Spirit   .    a - +0 robe
rPois   .          Reflect  .    (no helmet)
rElec   .          Harm     .    (no cloak)
rCorr   .          Rampage  .    (no gloves)
Will    .....      NoTele   +    (no boots)
Stlth   +.........               (no amulet)
HPRegen 0.10/turn                (no ring)
MPRegen 0.11/turn                (no ring)

@: on berserk cooldown, slowed, very slow
A: (nimble swimmer 2), mertail
a: no special abilities


You were in the Dungeon.
You visited 1 branch

Inventory:

Armour
 a - a +0 robe (worn)
Scrolls
 h - a scroll of blinking
Potions
 b - a potion of lignification
 c - a potion of curing
 d - a potion of heal wounds
 e - a potion of haste
 f - 2 potions of magic


   Skills:
 - Level 1.1 Fighting
 - Level 2.6 Dodging
 * Level 7.4 Unarmed Combat
 + Level 3.9 Spellcasting
 + Level 5.6 Transmutations
 + Level 3.9 Ice Magic


You had 9 spell levels left.
You knew the following spells:

 Your Spells              Type           Power      Damage    Failure   Level
a - Beastly Appendage     Tmut           30%        N/A       2%          1

Your spell library contained the following spells:

 Spells                   Type           Power      Damage    Failure   Level
 Wereblood                Tmut           15%        N/A       3%          2
 Spider Form              Tmut/Pois      9%         N/A       22%         3
 Ice Form                 Ice/Tmut       13%        N/A       30%         4


Dungeon Overview and Level Annotations

Branches:
Dungeon (1/1)

Altars:


Innate Abilities, Weirdness & Mutations

((You are very nimble when in or above water. (Stealth+, EV+, Speed+++)))
Your lower body shifts to a powerful aquatic tail in water.


Message History

You barely miss the worm. You punch the worm!
The worm is heavily wounded.
You punch the worm!
You kill the worm!
You hit the howler monkey.
The howler monkey is moderately wounded.
The howler monkey completely misses you.
You closely miss the howler monkey.
The howler monkey is moderately wounded.
The howler monkey closely misses you.
You hit the howler monkey.
The howler monkey is severely wounded.
You punch the howler monkey!
You kill the howler monkey!
Your Unarmed Combat skill increases to level 7!
Your Transmutations skill increases to level 5!
The ice beast hits you. The ice beast freezes you!
There is an open door, spattered with blood here.
Things that are here:
a howler monkey corpse; a worm corpse; a scorpion corpse You barely miss the ice beast.
The ice beast hits you. The ice beast freezes you!
You hit the ice beast.
The ice beast is moderately wounded.
You closely miss the ice beast.
The ice beast is moderately wounded.
You are no longer berserk.
You are exhausted.
You feel yourself slow down. The ice beast hits you. The ice beast freezes you!
* * * LOW HITPOINT WARNING * * *
You hit the ice beast but do no damage.
The ice beast is moderately wounded.
The ice beast misses you.
You closely miss the ice beast.
The ice beast is moderately wounded.
The ice beast hits you.
* * * LOW HITPOINT WARNING * * *
The ice beast freezes you!
You die... ▓▓▓▓▓▓▓▓▓▓▓▓▓▓▓▓▓▓ +...5Y@...)†'...<▓ ▓▓▓▓▓▓▓▓▓▓▓▓▓▓▓▓▓▓

You could see an ice beast and an ufetubus.

Vanquished Creatures
  A scorpion (D)
  A howler monkey (D)
  A worm (D)
  An endoplasm (D)
  A giant cockroach (D)
  A goblin (D)
  A ball python (D)
  A bat (D)
8 creatures vanquished.

Notes
Turn   | Place    | Note
-------+----------+-------------------------------------------
     0 | D        | Hubris850 the Merfolk Transmuter began the quest for the
                  | Orb.
     0 | D        | Reached XP level 1. HP: 15/15 MP: 3/3
     7 | D        | Reached skill level 4 in Unarmed Combat
   165 | D        | Noticed an ice beast
   165 | D        | Noticed a howler monkey
   165 | D        | Noticed a scorpion
   169 | D        | Killed a scorpion
   170 | D        | Reached skill level 6 in Unarmed Combat
   170 | D        | Reached XP level 2. HP: 21/21 MP: 4/6
   170 | D        | Reached XP level 3. HP: 26/26 MP: 4/7
   170 | D        | Reached XP level 4. HP: 32/32 MP: 5/9
   177 | D        | Reached skill level 7 in Unarmed Combat
   177 | D        | Reached skill level 5 in Transmutations
   182 | D        | Mangled by an ice beast

Illustrated notes

Levels and vault maps discovered:
D:        linesprint [early_d, line_temple, items_1, d_10, items_2, lair_1,
          lair_end, items_3, orc_1, orc_end, items_4, d_15, swamp_1, shoals_1,
          snake_1, spider_1, d_20, vaults_1, items_5, swamp_end, shoals_end,
          snake_end, spider_end, vaults_end, d_27, items_6, zot_1, zot_end,
          crypt_end, forest_end, elf_end, slime_end, tomb_end, abyss_end,
          pan_hell_end]

Skill      XL: |  1  2  3  4 |
---------------+-------------+-----
Unarmed Combat | 6 7 |  7.4
Transmutations | 4 5 |  5.6
Spellcasting   | 3 |  3.9
Ice Magic      | 3 |  3.9
Fighting       | |  1.1
Dodging        | |  2.6

Action                   |  1- 3 |  4- 6 || total
-------------------------+-------+-------++-------
Melee: Unarmed           |    14 |    12 ||    26
       Punch             |     2 |       ||     2
  Use: Potion            |     1 |       ||     1
Armor: Robe              |     1 |       ||     1
Dodge: Dodged            |     8 |     3 ||    11

Table legend: (Time is in decaauts)
 A = Elapsed time spent in this place.
 B = Non-inter-level travel time spent in this place.
 C = Inter-level travel time spent in this place.
 D = Time resting spent in this place.
 E = Time spent auto-exploring this place.
 F = Levels seen in this place.
 G = Mean time per level.
                   A        B        C        D        E       F      G
               +--------+--------+--------+--------+--------+-----+--------+
         Total |    175 |    175 |      0 |    143 |      0 |   1 |  175.0 |
       Dungeon |    175 |    175 |      0 |    143 |      0 |   1 |  175.0 |
               +--------+--------+--------+--------+--------+-----+--------+

Top non-repeatable levels by time:
       D: 175 daAuts
